AoeStats
← Boudboud

MegaRandom

508276744Analyzed
2v2 RM · 9d ago on Sep 21, 2026· 63m 15s· 4 players
Game mode
Random Map
Map size
Medium (4 player)
Population
200
Speed
Normal
Resources
Standard
Victory
Conquest
Starting age
Dark Age
Ending age
Imperial Age
RankedLock teamsTeams togetherTeam positionsShared explorationLock speedFull tech treeHidden civsTurbo modeCheats
Victory
Defeat
🇪🇸 Bengalis · Spain
940
+13
🇪🇸 Poles · Spain
817
+18
🇫🇷 Magyars · France
913
-44
🇩🇪 Malay · Germany
837
-14
Carapenev420
3:08 Loom
11:47 Feudal Age
18:13 Castle Age
17:22 Horse Collar
17:29 Double-Bit Axe
20:04 Bloodlines
19:54 Husbandry
20:18 Bow Saw
20:15 Heavy Plow
20:19 Gold Mining
22:59 Wheelbarrow
22:40 Stone Mining
25:20 Scale Barding Armor
27:58 Hand Cart
27:29 Town Watch
27:10 Pikeman
27:56 Squires
30:04 Chain Barding Armor
29:55 Forging
29:36 Fletching
30:15 Town Patrol
33:32 Stone Shaft Mining
37:19 Imperial Age
37:03 Bodkin Arrow
37:44 Iron Casting
37:10 Scale Mail Armor
41:44 Szlachta Privileges
42:05 Conscription
41:31 Cavalier
45:48 Blast Furnace
48:14 Elite Obuch
51:15 Chain Mail Armor
51:01 Bracer
51:02 Padded Archer Armor
53:32 Chemistry
52:53 Ballistics
52:29 Murder Holes
52:40 Siege Engineers
58:12 Plate Mail Armor
Geroncio Sofronio
4:58 Loom
11:42 Feudal Age
15:58 Castle Age
14:10 Horse Collar
14:18 Double-Bit Axe
18:30 Bow Saw
18:21 Heavy Plow
22:54 Gold Mining
27:08 Squires
28:47 Fletching
28:57 Padded Archer Armor
30:30 Pikeman
35:21 Bodkin Arrow
35:29 Padded Archer Armor
35:40 Forging
35:31 Scale Mail Armor
35:41 Paiks
36:26 Gold Shaft Mining
36:36 Wheelbarrow
36:41 Ballistics
40:15 Imperial Age
38:13 Husbandry
38:23 Bloodlines
38:08 Stone Mining
40:03 Iron Casting
39:34 Scale Barding Armor
40:01 Hand Cart
45:07 Bracer
45:28 Chain Barding Armor
48:18 Blast Furnace
47:35 Leather Archer Armor
47:26 Elite Elephant Archer
47:30 Elite Battle Elephant
50:40 Chemistry
49:49 Siege Engineers
50:08 Conscription
52:02 Plate Barding Armor
Boudboud
10:57 Feudal Age
13:51 Bloodlines
13:59 Double-Bit Axe
16:01 Loom
16:02 Town Watch
17:52 Scale Barding Armor
19:03 Wheelbarrow
23:29 Castle Age
21:47 Arson
22:36 Gold Mining
22:37 Stone Mining
24:31 Chain Barding Armor
24:13 Husbandry
30:33 Hand Cart
32:47 Town Patrol
34:55 Gold Shaft Mining
37:21 Pikeman
39:32 Corvinian Army
39:31 Murder Holes
43:12 Imperial Age
43:55 Scale Mail Armor
43:55 Padded Archer Armor
43:46 Fletching
44:37 Halberdier
44:40 Cavalier
45:50 Conscription
46:51 Plate Barding Armor
48:53 Hoardings
49:16 Recurve Bow
51:37 Onager
53:44 Paladin
55:03 Ballistics
54:24 Treadmill Crane
54:56 Masonry
Endzeitboss
0:29 Loom
12:12 Feudal Age
12:56 Wheelbarrow
12:09 Double-Bit Axe
12:10 Horse Collar
12:52 Town Watch
13:02 Gold Mining
13:03 Stone Mining
22:32 Castle Age
22:48 Bow Saw
28:12 Stone Shaft Mining
28:34 Heavy Plow
34:36 Hand Cart
34:22 Town Patrol
40:19 Imperial Age
38:04 Forging
37:45 Fletching
40:27 Forced Levy
41:10 Iron Casting
42:44 Crop Rotation
41:43 Man-at-Arms
42:24 Squires
42:10 Arson
46:30 Blast Furnace
46:14 Pikeman
46:15 Long Swordsman
56:31 Two-Handed Swordsman
58:50 Bodkin Arrow
Connection lost

Rejoining the realm…

Still unreachable

The connection could not be restored.

Session expired

The server has moved on; the page needs a fresh start.